Description

Replay - soO v Trust: Game 1 - Overgrowth LE (Void)

Build Order

Get SALT Encoding   

  12  0:00  Drone  
  13  0:12  Overlord  
  13  0:16  Drone  
  14  0:30  Drone x2  
  14  0:33  Drone  
  17  0:51  Hatchery  
  17  0:52  Drone  
  17  0:56  Drone  
  18  1:06  Extractor  
  18  1:10  Spawning Pool  
  16  1:13  Drone  
  16  1:16  Drone  
  18  1:28  Drone  
  22  2:02  Queen  
  22  2:03  Hatchery  
  22  2:07  Metabolic Boost  
  24  2:15  Overlord  
  24  2:27  Queen  
  31  2:44  Zergling x2  
  32  2:52  Zergling x2  
  32  2:55  Overlord  
  36  3:14  Queen  
  43  3:25  Overlord  
  43  3:30  Roach Warren  
  44  3:38  Overlord  
  50  3:50  Extractor  
  50  3:54  Queen  
  52  3:58  Lair  
  52  4:02  Zergling x6  
  57  4:06  Zergling x2  
  57  4:09  Zergling x4  
  60  4:10  Zergling x4  
  60  4:16  Roach  
  67  4:18  Roach  
  73  4:56  Ravager x2  
  73  4:57  Glial Reconstitution  
  77  5:02  Extractor  
  77  5:06  Extractor  
  76  5:40  Queen  
  75  6:06  Overseer  
  75  6:08  Overseer  
  77  6:21  Roach  
  77  6:22  Roach x5  
  87  6:28  Roach  
  87  6:32  Roach  
  115  7:38  Ravager x4  
  122  8:11  Evolution Chamber  
  136  8:37  Ravager x2  
  138  8:42  Zerg Missile Weapons Level 1  
  131  9:03  Ravager x2  
  149  9:41  Hatchery  
Spawning Tool Build Advisor. Get it on Overwolf

Analysis

Go to:

Details

  • Created by: Ebolag
  • Published on: Jan 14, 2017
  • Modified on: Jan 14, 2017
  • Patch: 3.8.0
Show
View Real Time Build Order
Export as new Build Order

Comments (1)

On Jan. 17, 2017, 7:18 p.m., spacehoppr  said:

Missing 19 Overlord ?
Otherwise great build

Create an account to comment!